Map: Ruins of Endion

Players

IIIIIIIIIIII - Winner!

  • Race: Terran Terran
  • League: Master

Miszu

  • Race: Terran Terran
  • League: Master

VOD

Have the link to the VOD?

Description

Time

  • Played on: May 9, 2016, 4:42 p.m.
  • Length: 12:11
Show
View Real Time Build Order
Export as new Build Order

IIIIIIIIIIII Terran - Winner!

Build Orders: 1/1/1, Widow Mine Drop 

Get SALT Encoding   

  12  0:00  SCV  
  13  0:13  SCV  
  14  0:17  Supply Depot  
  14  0:26  Refinery  
  14  0:29  SCV  
  15  0:41  Barracks  
  15  0:46  SCV  
  16  0:58  SCV  
  16  1:02  Supply Depot  
  17  1:10  SCV  
  18  1:29  Factory, Orbital Command  
  18  1:34  Marine  
  19  1:52  Marine  
  20  1:54  SCV  
  21  2:07  SCV  
  22  2:09  Marine  
  22  2:14  Starport  
  25  2:15  Hellion  
  25  2:19  SCV  
  25  2:21  Refinery  
  26  2:27  Supply Depot, Marine  
  27  2:31  SCV  
  27  2:36  Widow Mine  
  30  2:43  SCV  
  31  2:48  Supply Depot  
  31  2:53  Marine, Medivac  
  34  3:05  Hellion  
  36  3:11  Marine  
  37  3:23  Viking  
  39  3:31  Barracks Reactor  
  39  3:32  Widow Mine  
  41  3:41  Command Center  
  41  3:44  SCV  
  42  3:49  Supply Depot  
  42  4:01  Viking  
  40  4:03  Widow Mine  
  40  4:04  SCV  
  28  4:23  SCV  
  24  4:29  Marine  
  25  4:35  SCV  
  23  4:47  SCV  
  22  5:05  Marine x2  
  23  5:13  SCV  
  20  5:25  SCV  
  21  5:37  SCV  
  22  5:48  Orbital Command  
  23  5:50  SCV  
  23  6:02  SCV  
  24  6:14  SCV  
  20  6:30  SCV  
  20  6:31  SCV  
  18  6:43  SCV x2  
  18  6:45  Widow Mine  
  22  6:49  Starport Tech Lab  
  22  6:55  SCV x2  
  22  6:58  Marine x2  
  26  7:07  SCV  
  27  7:15  Marine  
  27  7:16  Marine, Raven  
  27  7:21  SCV  
  32  7:25  SCV  
  33  7:33  Factory Tech Lab  
  33  7:34  SCV  
  33  7:36  Orbital Command  
  34  7:46  SCV  
  35  7:59  SCV  
  35  8:04  SCV  
  33  8:11  Siege Tank, SCV  
  70  8:12  Viking  
  37  8:13  Marine x2  
  37  8:16  SCV  
  42  8:23  SCV  
  43  8:28  SCV  
  43  8:31  Marine x2  
  46  8:35  SCV  
  46  8:40  SCV  
  48  8:42  Viking  
  48  8:44  Siege Tank  
  48  8:47  SCV  
  54  8:48  Marine  
  54  8:49  Marine  
  54  8:52  SCV  
  54  8:55  Supply Depot  
  57  8:59  SCV  
  58  9:04  SCV  
  59  9:11  SCV  
  59  9:16  SCV  
  61  9:20  Command Center  
  61  9:23  SCV  
  60  9:29  SCV  
  60  9:30  Marine, Stimpack  
  62  9:35  SCV  
  62  9:36  Barracks  
  63  9:39  Barracks  
  63  9:41  SCV  
  64  9:46  Engineering Bay, Refinery  
  59  9:57  Marine  
  59  9:58  Siege Tank, SCV x2  
  63  10:10  SCV x2  
  63  10:12  Medivac x2  
  65  10:15  Marine  
  66  10:22  SCV x2  
  66  10:25  Barracks  
  66  10:26  Barracks  
  66  10:27  Barracks Reactor x2  
  68  10:37  SCV x2  
  68  10:38  Orbital Command  
  68  10:41  Refinery  
  70  10:46  Marine  
  70  10:48  Medivac x2  
  70  10:49  SCV x2  
  77  11:01  Siege Tank, SCV x2  
  81  11:04  Marine x2  
  81  11:05  Marine x2  
  81  11:06  Marine  
  81  11:11  SCV  
  87  11:13  SCV x2  
  83  11:21  Marine x2  
  83  11:22  Marine x2  
  83  11:23  SCV  
  81  11:29  Marine x3  
  73  11:38  Marine  
  73  11:39  Marine  
  67  11:40  Marine x2  
  65  11:47  Marine x3  
  65  11:51  SCV  
  65  11:53  SCV  
Show
View Real Time Build Order
Export as new Build Order

Miszu Terran 

Build Orders: 1/1/1, Hellion Banshee 

Get SALT Encoding   

  12  0:01  SCV  
  13  0:13  SCV  
  14  0:18  Supply Depot  
  14  0:25  SCV  
  15  0:34  Refinery  
  15  0:39  SCV  
  16  0:47  Barracks  
  16  0:51  SCV  
  16  0:56  Refinery  
  17  1:03  SCV  
  18  1:15  SCV  
  20  1:36  Factory  
  20  1:38  Orbital Command  
  20  1:39  Reaper  
  20  1:46  Supply Depot  
  20  2:03  SCV  
  21  2:11  Reaper  
  22  2:17  SCV  
  22  2:20  Starport  
  22  2:21  Hellion  
  25  2:24  Supply Depot  
  25  2:29  SCV  
  26  2:42  Hellion  
  28  2:44  Reaper  
  28  2:48  SCV  
  30  2:58  Medivac  
  30  3:03  Supply Depot, SCV  
  33  3:07  Hellion  
  35  3:17  Barracks Tech Lab  
  35  3:37  Hellion  
  35  3:38  SCV  
  38  3:42  Banshee  
  38  3:44  Marine  
  42  3:51  Supply Depot  
  31  4:10  Hellion  
  31  4:11  Marine, SCV  
  30  4:23  SCV  
  29  4:24  Banshee  
  29  4:41  SCV  
  29  4:44  Marine  
  29  4:45  Hellion  
  28  4:54  SCV  
  24  5:06  Hellion  
  24  5:07  SCV  
  29  5:27  Marine  
  30  5:29  Factory Tech Lab  
  30  5:30  Starport Tech Lab  
  30  5:31  SCV  
  29  5:43  SCV  
  30  5:54  Cloaking Field  
  30  5:55  SCV  
  30  5:56  Marine  
  32  6:07  SCV  
  31  6:27  Marine  
  28  6:38  SCV  
  26  6:41  Raven  
  28  6:51  SCV  
  28  6:52  Marine  
  28  6:53  Cyclone  
  33  7:03  SCV  
  34  7:12  Marine  
  34  7:15  SCV  
  36  7:27  SCV  
  37  7:39  SCV  
  37  7:43  Marine  
  36  8:05  SCV  
  36  8:08  Barracks Reactor  
  36  8:09  Viking, Siege Tank  
  39  8:22  SCV  
  39  8:23  Command Center  
  40  8:34  SCV  
  40  8:35  Supply Depot  
  41  8:46  SCV  
  42  8:49  Viking x2  
  46  8:59  SCV  
  46  9:02  Siege Tank  
  47  9:11  SCV  
  49  9:19  Viking  
  49  9:23  Viking  
  52  9:26  SCV  
  53  9:35  Marine  
  54  9:49  Viking  
  55  9:53  Viking  
  57  10:00  SCV  
  58  10:07  SCV  
  59  10:15  Orbital Command  
  59  10:19  Viking  
  61  10:27  Barracks  
  63  10:30  Barracks  
  63  10:32  SCV  
  62  10:41  SCV  
  63  10:43  Marine  
  63  10:44  SCV  
  65  10:53  Engineering Bay  
  65  10:56  Siege Tank  
  68  11:03  Marine  
  69  11:05  SCV  
  69  11:10  Supply Depot  
  70  11:24  SCV  
  63  11:39  Marine x2  
  62  11:46  Marine  
  62  11:48  SCV  
  66  11:56  Refinery, Barracks x2  
  66  11:57  Refinery  
Tags
 
Add a new tag
Caveats
  • Supply blocks, unpowered buildings, or Contaminate may cause inaccurate times.
  • Supply counts are checked every 10 seconds.